Map: King Sejong Station LE

Players

PtitDrogo

  • Race: Protoss Protoss

Stats - Winner!

  • Race: Protoss Protoss

Event: 2016 WCS Global Finals

VOD

Have the link to the VOD?

Description

Time

  • Played on: Oct. 30, 2016, 11:59 a.m.
  • Length: 9:47

All games in this series

Show
View Real Time Build Order
Export as new Build Order

PtitDrogo Protoss 

Build Orders: Phoenix Opening 

Get SALT Encoding   

  12  0:00  Probe (Chrono Boost)  
  13  0:11  Probe (Chrono Boost)  
  14  0:18  Pylon  
  14  0:21  Probe (Chrono Boost)  
  15  0:36  Gateway, Probe (Chrono Boost)  
  15  0:41  Assimilator  
  16  0:47  Probe (Chrono Boost)  
  17  0:51  Assimilator  
  17  0:57  Probe (Chrono Boost)  
  17  1:04  Gateway  
  18  1:08  Probe (Chrono Boost)  
  19  1:19  Probe (Chrono Boost)  
  19  1:23  Cybernetics Core  
  20  1:29  Probe (Chrono Boost)  
  21  1:39  Pylon  
  21  1:41  Probe (Chrono Boost)  
  22  1:50  Warp Gate  
  22  1:52  Probe (Chrono Boost)  
  23  2:00  Adept x2  
  29  2:10  Mothership Core (Chrono Boost)  
  29  2:15  Pylon  
  29  2:26  Stargate  
  29  2:36  Adept  
  33  2:37  Adept  
  34  2:45  Probe (Chrono Boost)  
  34  3:06  Nexus  
  37  3:22  Pylon  
  38  3:28  Probe (Chrono Boost)  
  38  3:39  Robotics Facility  
  38  3:41  Phoenix  
  38  3:44  Probe (Chrono Boost)  
  36  3:54  Stargate  
  36  4:02  Probe (Chrono Boost)  
  33  4:03  Phoenix  
  34  4:14  Probe (Chrono Boost)  
  35  4:22  Probe (Chrono Boost)  
  36  4:25  Phoenix  
  36  4:26  Probe (Chrono Boost)  
  39  4:32  Probe (Chrono Boost), Stargate  
  39  4:38  Probe (Chrono Boost)  
  41  4:43  Probe (Chrono Boost)  
  40  4:46  Robotics Facility, Phoenix  
  40  4:48  Forge  
  40  4:50  Probe (Chrono Boost)  
  43  4:53  Probe (Chrono Boost)  
  44  5:02  Probe (Chrono Boost), Sentry  
  44  5:03  Zealot  
  44  5:04  Probe (Chrono Boost)  
  50  5:07  Protoss Ground Weapons Level 1  
  50  5:13  Probe (Chrono Boost)  
  51  5:14  Probe (Chrono Boost)  
  51  5:17  Assimilator  
  51  5:18  Assimilator  
  52  5:25  Probe x2 (Chrono Boost)  
  54  5:34  Observer  
  54  5:36  Pylon  
  54  5:37  Probe x2 (Chrono Boost)  
  57  5:43  Twilight Council  
  57  5:46  Pylon  
  57  5:49  Probe x2 (Chrono Boost)  
  59  5:50  Immortal  
  63  6:01  Probe (Chrono Boost)  
  63  6:02  Probe (Chrono Boost)  
  65  6:13  Probe (Chrono Boost)  
  65  6:14  Blink  
  65  6:16  Gateway  
  65  6:17  Gateway  
  66  6:20  Gateway  
  66  6:24  Immortal  
  66  6:30  Sentry x2  
  74  6:37  Pylon  
  74  6:47  Nexus  
  74  6:59  Immortal  
  72  7:01  Gateway  
  72  7:04  Protoss Ground Weapons Level 2  
  74  7:19  Probe (Chrono Boost)  
  74  7:21  Pylon  
  75  7:23  Pylon  
  75  7:27  Stalker x3  
  75  7:28  Pylon  
  82  7:31  Probe (Chrono Boost)  
  82  7:33  Warp Prism  
  82  7:41  Sentry x2  
  88  7:46  Probe x2 (Chrono Boost)  
  90  7:57  Stalker x2  
  90  7:58  Probe x2 (Chrono Boost)  
  96  8:00  Probe (Chrono Boost)  
  96  8:05  Stalker x2  
  101  8:09  Pylon  
  101  8:18  Stalker x2  
  105  8:25  Stalker  
  105  8:26  Stalker  
  109  8:35  Stalker x2  
  108  8:42  Stalker x2  
  103  8:50  Stalker x2  
  94  9:03  Stalker  
  94  9:04  Stalker  
  94  9:07  Stalker x2  
  89  9:16  Stalker x2  
  79  9:29  Stalker x2  
  60  9:42  Stalker x4  
Show
View Real Time Build Order
Export as new Build Order

Stats Protoss - Winner!

Build Orders: Oracle Opening, Zealot Archon 

Get SALT Encoding   

  12  0:00  Probe (Chrono Boost)  
  13  0:11  Probe (Chrono Boost)  
  14  0:17  Pylon  
  14  0:22  Probe (Chrono Boost)  
  16  0:35  Probe (Chrono Boost)  
  16  0:36  Gateway  
  16  0:42  Assimilator  
  16  0:46  Probe (Chrono Boost)  
  17  0:51  Assimilator  
  17  0:56  Probe (Chrono Boost)  
  18  1:03  Gateway  
  18  1:07  Probe (Chrono Boost)  
  19  1:18  Probe (Chrono Boost)  
  20  1:24  Cybernetics Core  
  20  1:28  Probe (Chrono Boost)  
  21  1:37  Pylon  
  21  1:39  Probe (Chrono Boost)  
  22  1:49  Probe (Chrono Boost)  
  22  1:50  Warp Gate  
  23  2:00  Adept x2  
  27  2:06  Mothership Core (Chrono Boost)  
  29  2:10  Pylon  
  29  2:20  Stargate  
  29  2:27  Probe (Chrono Boost)  
  30  2:34  Stalker  
  32  2:38  Stalker  
  32  2:43  Probe (Chrono Boost)  
  35  2:53  Pylon  
  35  2:57  Probe (Chrono Boost)  
  36  3:00  Oracle  
  39  3:25  Nexus  
  39  3:35  Pylon  
  39  3:37  Probe (Chrono Boost)  
  40  3:48  Probe (Chrono Boost)  
  41  3:55  Twilight Council  
  41  4:00  Probe (Chrono Boost)  
  42  4:08  Stalker x2  
  46  4:12  Probe (Chrono Boost)  
  43  4:18  Blink  
  43  4:23  Probe (Chrono Boost)  
  46  4:34  Probe (Chrono Boost), Stalker  
  46  4:36  Stalker  
  49  4:39  Probe (Chrono Boost)  
  50  4:48  Probe (Chrono Boost)  
  50  4:50  Probe (Chrono Boost)  
  53  5:00  Probe x2 (Chrono Boost)  
  53  5:02  Stalker x2  
  58  5:11  Probe (Chrono Boost)  
  58  5:13  Probe (Chrono Boost)  
  58  5:14  Robotics Facility  
  60  5:19  Assimilator  
  60  5:21  Probe (Chrono Boost)  
  60  5:25  Probe (Chrono Boost)  
  60  5:26  Assimilator  
  62  5:31  Stalker  
  62  5:32  Probe (Chrono Boost)  
  62  5:33  Stalker  
  65  5:37  Probe (Chrono Boost)  
  65  5:42  Pylon, Probe (Chrono Boost)  
  66  5:45  Pylon  
  66  5:49  Probe (Chrono Boost)  
  66  5:55  Probe (Chrono Boost)  
  66  5:57  Stalker  
  69  6:00  Gateway, Forge  
  69  6:09  Gateway  
  69  6:10  Gateway, Observer  
  70  6:20  Templar Archives  
  70  6:23  Pylon  
  70  6:24  Protoss Ground Weapons Level 1  
  70  6:25  Stalker  
  70  6:28  Stalker  
  70  6:29  Observer  
  74  6:57  Nexus  
  74  6:58  Pylon  
  74  6:59  High Templar x2  
  80  7:02  Pylon, Probe x2 (Chrono Boost)  
  80  7:08  Archon  
  79  7:13  Resonating Glaives  
  78  7:18  Probe x2 (Chrono Boost)  
  80  7:27  Gateway  
  80  7:28  Gateway  
  80  7:30  Warp Prism  
  82  7:40  Adept x5  
  92  7:50  Pylon  
  92  7:59  Gateway  
  92  8:02  Adept x2, High Templar x2  
  92  8:03  Adept  
  102  8:06  Archon  
  102  8:22  Probe (Chrono Boost)  
  102  8:23  Probe x2 (Chrono Boost)  
  105  8:28  High Templar x2  
  105  8:29  Adept x3  
  105  8:33  Archon  
  115  8:36  Adept x2  
  117  8:51  Adept x2  
  117  8:52  Adept  
  123  8:59  Adept x2  
  123  9:00  Adept  
  123  9:01  Adept  
  123  9:02  Adept  
  115  9:16  Adept x3  
  105  9:22  Adept x4  
  105  9:24  Adept  
  89  9:39  Adept x3  
Tags
 
Add a new tag
Caveats
  • Supply blocks, unpowered buildings, or Contaminate may cause inaccurate times.
  • Supply counts are checked every 10 seconds.